Map: Ever Dream LE

Players

HolyHit

  • Race: Protoss Protoss
  • League: Grandmaster
  • Spawn Location: 7:00

A.I. 1 (Very Easy) - Winner!

  • Race: Terran Terran
  • Spawn Location: 1:00

VOD

Have the link to the VOD?

Description

Time

  • Played on: March 27, 2020, 4:42 a.m.
  • Length: 6:24
Show
View Real Time Build Order
Export as new Build Order

HolyHit Protoss 

Build Orders: 1 Gate Expand, Dark Templar Rush 

Get SALT Encoding   

  12  0:00  Probe  
  13  0:13  Probe  
  14  0:17  Pylon  
  14  0:25  Probe (Chrono Boost)  
  15  0:37  Gateway, Probe (Chrono Boost)  
  16  0:45  Probe (Chrono Boost)  
  16  0:48  Assimilator  
  17  0:51  Probe  
  18  1:03  Probe  
  19  1:15  Probe  
  20  1:25  Cybernetics Core  
  20  1:31  Nexus  
  20  1:37  Probe  
  21  1:42  Pylon  
  21  1:49  Probe  
  21  1:50  Assimilator  
  22  1:59  Adept (Chrono Boost)  
  22  2:01  Probe  
  23  2:04  Warp Gate  
  25  2:13  Probe  
  26  2:19  Stalker (Chrono Boost)  
  28  2:26  Probe  
  29  2:37  Twilight Council  
  29  2:40  Probe (Chrono Boost)  
  29  2:43  Probe (Chrono Boost)  
  32  2:54  Probe (Chrono Boost)  
  32  2:55  Probe (Chrono Boost), Robotics Facility  
  33  2:59  Probe (Chrono Boost)  
  33  3:02  Probe  
  35  3:09  Probe  
  36  3:14  Probe  
  36  3:15  Gateway  
  36  3:16  Gateway  
  37  3:22  Dark Shrine  
  37  3:23  Probe (Chrono Boost)  
  37  3:26  Probe (Chrono Boost)  
  39  3:37  Pylon  
  39  3:38  Probe (Chrono Boost)  
  39  3:40  Probe (Chrono Boost)  
  41  3:42  Warp Prism (Chrono Boost)  
  41  3:44  Probe (Chrono Boost)  
  41  3:47  Probe (Chrono Boost)  
  45  3:51  Assimilator  
  45  3:53  Assimilator, Probe  
  46  3:59  Probe  
  46  4:02  Pylon  
  47  4:05  Probe  
  48  4:11  Probe  
  48  4:15  Pylon  
  50  4:17  Probe  
  50  4:23  Probe  
  51  4:25  Charge  
  51  4:30  Probe  
  52  4:32  Shadow Stride (Chrono Boost)  
  52  4:36  Dark Templar x2  
  56  4:40  Gateway  
  56  4:42  Gateway  
  56  4:43  Gateway  
  56  4:48  Gateway  
  56  4:55  Gateway  
  56  5:02  Pylon  
  56  5:08  Dark Templar x3  
  62  5:20  Pylon  
  62  5:30  Pylon  
  62  5:34  Dark Templar  
  64  5:38  Zealot x2  
  64  5:40  Dark Templar  
  64  5:41  Dark Templar, Zealot  
  74  5:43  Zealot  
  76  5:54  Zealot  
  78  5:58  Dark Templar  
  78  5:59  Zealot  
  78  6:02  Zealot  
  84  6:04  Dark Templar  
Show
View Real Time Build Order
Export as new Build Order

A.I. 1 (Very Easy) Terran - Winner!

Build Orders:  

Get SALT Encoding   

  12  0:00  SCV  
  13  0:13  SCV  
  14  0:18  Supply Depot  
  14  0:37  Refinery  
  14  0:41  Barracks  
  14  1:03  Supply Depot  
  14  1:12  Refinery  
  14  1:28  Barracks Tech Lab  
  14  1:30  Orbital Command  
  14  1:46  Marine  
  15  1:55  SCV  
  16  2:07  SCV  
  17  2:19  SCV  
  18  2:30  Marine  
  18  2:31  SCV  
  20  2:43  SCV  
  21  2:55  SCV  
  20  3:14  Marauder  
  22  3:57  Marine  
  23  4:41  Marine  
  24  4:55  SCV  
  19  5:08  SCV  
  17  5:20  SCV  
  18  5:24  Marine  
  19  5:32  SCV  
  20  5:44  SCV  
  23  6:15  Supply Depot  
Tags
 
Add a new tag
Caveats
  • Supply blocks, unpowered buildings, or Contaminate may cause inaccurate times.
  • Supply counts are checked every 10 seconds.